 Dungeon Crawl Stone Soup version 0.24.0-1-gfbc8707 (webtiles) character file.

Game seed: 15468888619967372922, levelgen mode: deterministic

5660 dforspid the Fighter (level 10, -3/82 HPs)
             Began as a Demonspawn Artificer on Oct 29, 2019.
             Was a High Priest of Jiyva.
             Slain by a two-headed ogre
             ... wielding a +0 giant spiked club
              (19 damage)
             ... on level 10 of the Dungeon.
             The game lasted 00:42:38 (13408 turns).

dforspid the Fighter (Demonspawn Artificer)        Turns: 13408, Time: 00:42:38

Health: -3/82      AC: 15    Str: 18    XL:     10   Next: 47%
Magic:  0/15       EV: 13    Int:  8    God:    Jiyva [*****.]
Gold:   295        SH:  0    Dex: 16    Spells: 9/9 levels left

rFire    + . .     SeeInvis +   a - +1 flail (venom)
rCold    + . .     Gourm    .   (no shield)
rNeg     . . .     Faith    .   h - +0 fire dragon scales
rPois    .         Spirit   +   (helmet restricted)
rElec    .         Reflect  .   x - +0 cloak
rCorr    +         Harm     .   (no gloves)
MR       .....                  (no boots)
Stlth    ..........             (no amulet)
HPRegen  0.23/turn              l - ring of see invisible
MPRegen  0.28/turn              o - ring of ice

@: sanguine armour
A: horns 1, blurry vision 1, cold resistance 1, wild magic 1, acidic bite,
translucent skin 1, magic shield, magic regeneration, sanguine armour 1
a: Request Jelly, Slimify, Cure Bad Mutation, Renounce Religion


You were on level 10 of the Dungeon.
You worshipped Jiyva.
Jiyva was extremely pleased with you.
You were not hungry.

You visited 2 branches of the dungeon, and saw 11 of its levels.

You collected 295 gold pieces.

Inventory:

Hand Weapons
 a - a +1 flail of venom (weapon)
 d - a +2 dagger of speed
Missiles
 n - 22 poisoned darts (quivered)
Armour
 h - +0 fire dragon scales (worn)
 s - a +0 helmet
 x - a +0 cloak (worn)
Jewellery
 l - a ring of see invisible (left hand)
 o - a ring of ice (right hand)
 z - an uncursed amulet of rage
Wands
 b - a wand of enslavement (11)
 c - a wand of flame (11)
 e - a wand of random effects (15)
Scrolls
 g - 3 scrolls of blinking
 i - 3 scrolls of enchant weapon
 j - 2 scrolls of identify
 k - 4 scrolls of remove curse
 q - 4 scrolls of teleportation
 v - a scroll of fear
 w - a scroll of amnesia
 y - 3 scrolls of fog
 A - a scroll of silence
 B - a scroll of enchant armour
Potions
 p - a potion of cancellation
 r - a potion of haste
 t - 3 potions of brilliance
Comestibles
 f - 6 rations
 u - 3 chunks of flesh


   Skills:
 + Level 8.8 Fighting
 - Level 1.0 Short Blades
 - Level 1.0 Maces & Flails
 + Level 7.0 Dodging
 - Level 0.8 Stealth
 + Level 7.1 Unarmed Combat
 + Level 7.8 Evocations


You had 9 spell levels left.
You didn't know any spells.
Your spell library was empty.

Dungeon Overview and Level Annotations

Branches:
Dungeon (10/15)            Temple (1/1) D:5             Orc (0/2) D:9
   Lair: D:8-11

Altars:
Ashenzari
Cheibriados
Elyvilon
Fedhas
Gozag
Hepliaklqana
Kikubaaqudgha
Okawaru
Qazlal
Sif Muna
Trog
Wu Jian
Xom
Yredelemnul
Zin
Jiyva

Portals:
Trove: D:10 (give +4 storm dragon scales)

Annotations:
D:3 2 runed translucent doors, Tardy's ghost, amateur DENe
D:4 1 runed translucent door, centipede's ghost, amateur DrWz


Innate Abilities, Weirdness & Mutations

You have a pair of small horns on your head.
When hurt, damage is shared between your health and your magic reserves.
You regenerate magic rapidly.
When seriously injured, your bleeding wounds create armour. (AC +6)
Scrolls take you a little longer to read.
Your flesh is cold resistant. (rC+)
Your spells are a little harder to cast, but a little more powerful.
You have acidic saliva.
Your translucent skin slightly reduces your foes' accuracy. (Stealth)


Message History

Jiyva alters your body.
You feel stupid. Jiyva appreciates your sacrifice.
You feel your power returning.
You feel better. The two-headed ogre closely misses you.
The two-headed ogre barely misses you.
There is an open door here.
There is an open door here.
The two-headed ogre looks more healthy.
You hear a distant slurping noise.
You closely miss the two-headed ogre.
Your headbutt misses the two-headed ogre.
You bite the two-headed ogre, but do no damage.
The two-headed ogre is severely wounded.
The two-headed ogre hits you with a +0 giant spiked club!!
* * * LOW HITPOINT WARNING * * *
The two-headed ogre closely misses you.
You barely miss the two-headed ogre. You headbutt the two-headed ogre!
The two-headed ogre is almost dead.
The two-headed ogre hits you with a +0 giant spiked club!!
You die...

#.....# #####.###..# #......'.#
#.....#######..PP#.###......###
#............P...#.#.#......# #
#...............P.>#.#......# #
#.............P....#........# #
########..........##.#........###
.................###.#....####...
.........######'####.##.#.# #...
.........# #.@O...##.#.# #...
.........# ##########.######...
.........# #..........#........
.........# #.##########.####...
.........# #.#....#.....# #...
.........# #.#.##.#.#.### #.).
########## #.#.##.#...# #...
#...##.###.# #... ######.# #.#
#...


You could see a two-headed ogre.

Vanquished Creatures
  A centaur warrior (D:8)
  Joseph (D:8)
  A troll (D:10)
  A shadow (D:8)
  A wyvern (D:9)
  2 hungry ghosts
  5 yaks
  Grum (D:8)
  2 vampire mosquitoes (D:10)
  A water moccasin (D:7)
  An orc warrior (D:6)
  2 sky beasts (D:9)
  3 black bears
  2 ice beasts
  3 ogres
  2 phantoms
  3 wolves
  A big kobold (D:7)
  4 bullfrogs
  A wyvern zombie (D:8)
  2 killer bees (D:8)
  3 scorpions
  7 wights
  A crimson imp (D:9)
  A bullfrog zombie (D:10)
  2 orc priests
  3 hounds
  3 orc wizards
  2 iguanas
  2 worker ants
  5 ogre zombies (D:9)
  A hound skeleton (D:5)
  2 mummies (D:10)
  2 adders
  5 gnolls
  An ooze (D:1)
  An adder skeleton (D:4)
  2 worms (D:2)
  3 dart slugs
  3 leopard geckos
  14 orcs
  10 bats
  2 giant cockroaches
  6 hobgoblins
  16 jackals
  3 quokkas
  A ball python (D:2)
  4 frilled lizards
  9 goblins
  2 hobgoblin zombies (D:9)
  7 kobolds
  An orc skeleton (D:9)
  7 orc zombies (D:9)
  A quokka skeleton (D:5)
  A quokka zombie (D:5)
  11 rats
184 creatures vanquished.

Vanquished Creatures (others)
  A hornet (D:7)
  A hippogriff (D:9)
  Prince Ribbit (D:6)
  A wyvern (D:8)
  A yak (D:10)
  A hungry ghost (D:9)
  A two-headed ogre zombie (D:9)
  2 black bears (D:6)
  A centaur (D:6)
  A big kobold (D:8)
  A bullfrog (D:9)
  67 jellies
  7 killer bees
  3 wights
  3 crimson imps
  A quasit (D:9)
  A hound (D:6)
  3 orc priests
  A gnoll shaman (D:9)
  2 worker ants (D:9)
  2 ogre zombies (D:9)
  A howler monkey zombie (D:9)
  6 gnolls
  2 adders
  An adder skeleton (D:9)
  2 leopard geckos
  4 orcs
  A giant cockroach (D:8)
  A goblin skeleton (D:9)
  3 goblin zombies (D:9)
  4 hobgoblin zombies (D:9)
  4 kobolds (D:8)
  3 orc skeletons (D:9)
  3 orc zombies (D:9)
  2 butterflies (D:5)
139 creatures vanquished.

Grand Total: 323 creatures vanquished

Notes
Turn   | Place    | Note
-------+----------+-------------------------------------------
     0 | D:1      | dforspid the Demonspawn Artificer began the quest for the
                  | Orb.
     0 | D:1      | Reached XP level 1. HP: 15/15 MP: 3/3
    76 | D:1      | Reached skill level 2 in Fighting
    84 | D:1      | Gained mutation: When hurt, damage is shared between your
                  | health and your magic reserves. [demonic ancestry]
    84 | D:1      | Reached XP level 2. HP: 11/22 MP: 4/4
   748 | D:1      | Found a shattered altar of Ashenzari.
   767 | D:1      | Reached XP level 3. HP: 27/27 MP: 5/5
  1927 | D:2      | Found an ornate altar of the Wu Jian Council.
  1986 | D:2      | Found a white marble altar of Elyvilon.
  2431 | D:2      | Reached XP level 4. HP: 33/33 MP: 7/7
  2442 | D:2      | Reached skill level 1 in Short Blades
  3079 | D:3      | Gained mutation: Your flesh is cold resistant. (rC+)
                  | [potion of mutation]
  3079 | D:3      | Gained mutation: Your spells are a little harder to cast,
                  | but a little more powerful. [potion of mutation]
  3243 | D:3      | Found a runed translucent door.
  3254 | D:3      | Found a hazy altar of Hepliaklqana.
  3324 | D:3      | Found a runed translucent door.
  3327 | D:3      | Noticed Tardy's ghost (amateur DENe)
  4058 | D:3      | Found an ancient bone altar of Kikubaaqudgha.
  4200 | D:4      | Reached skill level 1 in Maces & Flails
  4200 | D:4      | Reached XP level 5. HP: 39/39 MP: 8/8
  4294 | D:4      | Found a shimmering altar of Xom.
  4403 | D:4      | Noticed an ogre
  4407 | D:4      | Reached skill level 3 in Fighting
  4409 | D:4      | Reached skill level 5 in Evocations
  4511 | D:4      | Killed an ogre
  4511 | D:4      | Reached XP level 6. HP: 48/48 MP: 8/10
  4531 | D:4      | Found a runed translucent door.
  4766 | D:4      | Noticed centipede's ghost (amateur DrWz)
  4766 | D:4      | Noticed a tengu warrior
  4797 | D:5      | Entered Level 5 of the Dungeon
  4873 | D:5      | Found an opulent altar of Gozag.
  4873 | D:5      | Found a glowing silver altar of Zin.
  4878 | D:5      | Reached skill level 4 in Fighting
  5003 | D:5      | Found a staircase to the Ecumenical Temple.
  5017 | Temple   | Entered the Ecumenical Temple
  5031 | Temple   | Became a worshipper of Jiyva Jecsyij the Shapeless
  5701 | D:5      | Reached skill level 1 in Unarmed Combat
  5788 | D:6      | Noticed Prince Ribbit
  6070 | D:6      | Reached * piety under Jiyva
  6077 | D:6      | Killed Prince Ribbit
  6083 | D:6      | Gained mutation: You regenerate magic rapidly. [demonic
                  | ancestry]
  6083 | D:6      | Reached XP level 7. HP: 55/55 MP: 11/11
  6253 | D:6      | Reached ** piety under Jiyva
  6306 | D:6      | Found a blossoming altar of Fedhas.
  6561 | D:6      | Found a bloodstained altar of Trog.
  6974 | D:7      | Reached skill level 5 in Fighting
  7020 | D:7      | Reached XP level 8. HP: 24/62 MP: 7/13
  7195 | D:7      | Reached *** piety under Jiyva
  7266 | D:7      | Gained mutation: You have a small jelly attached to you
                  | that may absorb incoming projectiles. [Jiyva's grace]
  8196 | D:8      | Reached skill level 6 in Fighting
  8250 | D:8      | Noticed Joseph
  8395 | D:8      | Noticed a hornet
  8521 | D:8      | Paralysed by a hornet for 2 turns
  9027 | D:7      | Killed a hornet
  9373 | D:9      | Found a shattered altar of Ashenzari.
  9380 | D:9      | Gained mutation: Your body sometimes deteriorates upon
                  | taking damage. [Jiyva's grace]
  9381 | D:9      | Lost mutation: You have a small jelly attached to you that
                  | may absorb incoming projectiles. [potion of mutation]
  9381 | D:9      | Gained mutation: Scrolls take you a little longer to read.
                  | [potion of mutation]
  9381 | D:9      | Gained mutation: Armour fits poorly on your strangely
                  | shaped body. [potion of mutation]
  9381 | D:9      | Gained mutation: Your mind is acute. (Int +2) [potion of
                  | mutation]
  9386 | D:9      | Killed a hippogriff
  9397 | D:9      | Reached **** piety under Jiyva
  9415 | D:9      | Gained mutation: When seriously injured, your bleeding
                  | wounds create armour. (AC +6) [demonic ancestry]
  9415 | D:9      | Reached XP level 9. HP: 50/71 MP: 14/14
  9553 | D:9      | Identified the amulet "Dean Jif" {RegenMP rPois}
  9890 | D:8      | Noticed Grum
  9899 | D:8      | Reached skill level 5 in Unarmed Combat
  9907 | D:8      | Killed Grum
  9907 | D:8      | Reached skill level 7 in Fighting
  9907 | D:8      | Reached skill level 5 in Dodging
  9936 | D:8      | Noticed a centaur warrior
 10158 | D:8      | Killed a centaur warrior
 10302 | D:8      | Gained mutation: You have acidic saliva. [Jiyva's grace]
 10661 | D:9      | Reached ***** piety under Jiyva
 10662 | D:9      | Lost mutation: Armour fits poorly on your strangely shaped
                  | body. [Jiyva's power]
 10664 | D:9      | Found a stormy altar of Qazlal.
 10773 | D:9      | Reached skill level 8 in Fighting
 11084 | D:9      | Found a shimmering blue altar of Sif Muna.
 11149 | D:9      | Noticed a green ugly thing
 11164 | D:1      | Lost mutation: Your body sometimes deteriorates upon taking
                  | damage. [Jiyva's grace]
 11475 | D:8      | Killed Joseph
 11475 | D:8      | Gained mutation: You have a pair of small horns on your
                  | head. [demonic ancestry]
 11475 | D:8      | Reached XP level 10. HP: 45/80 MP: 5/15
 11916 | D:9      | Found a staircase to the Orcish Mines.
 11934 | D:9      | Found a snail-covered altar of Cheibriados.
 12051 | D:10     | Entered Level 10 of the Dungeon
 12105 | D:9      | Slimified a green ugly thing
 12105 | D:9      | Noticed an azure jelly
 12105 | D:9      | a green ugly thing changed into an azure jelly
 12416 | D:10     | Noticed a two-headed ogre
 13051 | D:10     | Gained mutation: Your translucent skin slightly reduces
                  | your foes' accuracy. (Stealth) [Jiyva's grace]
 13347 | D:10     | Found a portal to a secret trove of treasure.
 13367 | D:10     | Lost mutation: Your mind is acute. (Int +2) [Jiyva's grace]
 13408 | D:10     | Slain by a two-headed ogre

Levels and vault maps discovered:
D:1:      dpeg_arrival_water_temple_mockup, layout_basic, ashenzari_altar_1
D:2:      layout_basic, elyvilon_altar_1, marbit_many_paths
D:3:      layout_loops_corners, lemuel_coloured_pillars_altar,
          old_standard_altar, ebering_ghost_sewer_f, hangedman_feature_mirror
D:4:      layout_basic, nicolae_overflow_crystal_walls,
          ebering_ghost_inner_flame
D:5:      layout_basic, grunt_temple_overflow_gold_and_silver,
          minmay_temple_entry_butterflies, first_ration
D:6:      layout_rooms, trog_ov_bears_minmay, overflow_temple_1_default,
          uniq_prince_ribbit1
D:7:      layout_loops_ring, eino_jars
D:8:      layout_loops_ring, uniq_joseph, uniq_grum
D:9:      lemuel_flame_loot_2, layout_rooms, lemuel_round_altar,
          lemuel_blue_sif_altar, general_overflow_altar, kennysheep_little_box,
          zombieorc2_lemuel
D:10:     layout_basic, serial_undead, serial_undead_c, serial_undead_b,
          serial_undead_b, serial_undead_a, enter_trove_6
Temple:   pf_slime_end_temple

Skill      XL: |  1  2  3  4  5  6  7  8  9 10 |
---------------+-------------------------------+-----
Fighting       | 2 3 4 5 6 8 |  8.8
Evocations     | 4 5 6 7 |  7.8
Short Blades   | 1 |  1.0
Maces & Flails | 1 |  1.0
Unarmed Combat | 1 2 4 6 7 |  7.1
Dodging        | 2 4 6 7 |  7.0
Stealth        | |  0.8

Action                   |  1- 3 |  4- 6 |  7- 9 | 10-12 || total
-------------------------+-------+-------+-------+-------++-------
Melee: Short sword       |   176 |       |       |       ||   176
       Dagger            |    23 |    95 |   322 |       ||   440
       Flail             |       |   131 |   151 |    40 ||   322
       Punch             |       |       |    13 |     3 ||    16
       Unarmed           |       |       |   120 |   127 ||   247
       Bite              |       |       |    30 |    21 ||    51
       Headbutt          |       |       |       |    42 ||    42
Invok: Cure Bad Mutation |       |       |     1 |       ||     1
       Slimify           |       |       |       |     1 ||     1
Evoke: Wand              |     6 |     5 |     3 |     6 ||    20
  Use: Scroll            |     5 |     3 |     4 |     2 ||    14
       Potion            |       |     7 |     6 |     3 ||    16
 Stab: Sleeping          |     6 |       |       |       ||     6
       Distracted        |       |       |     1 |       ||     1
  Eat: Chunk             |     5 |    11 |     3 |     4 ||    23
       Ration            |       |       |     4 |     1 ||     5
Armor: Leather armour    |    55 |    10 |       |       ||    65
       Scale mail        |       |    33 |       |       ||    33
       Fire dragon scale |       |    50 |   221 |    51 ||   322
Dodge: Dodged            |   117 |   138 |   273 |   101 ||   629
